Bruins vs Admirals NSH

Created - Wednesday, November 12, 2014 at 22:32

Goals
1 2 3 T
Bruins 0 1 1 2
Admirals NSH 0 1 0 1
Shots
1 2 3 T
Bruins 9 3 10 22
Admirals NSH 8 6 5 19

1st period

No Goal

Penalties :
Frazer McLaren (MIL) for Fighting (Major) at 4:54, Derek Dorsett (Pro) for Fighting (Major) at 4:54, Jim Slater (Pro) for Tripping (Minor) at 7:12

2nd period

1. Bruins , Anton Lander 2 (Derek Dorsett) at 1:33 (PP)
2. Admirals NSH , Pierre-Cedric Labrie 2 (Jamie Tardif, Alexey Marchenko) at 13:51 (PP)

Penalties :
Fredrik Claesson (MIL) for Hooking (Minor) at 1:03, Patrick Cehlin (Pro) for Hooking (Minor) at 8:30, Brandon Manning (Pro) for Tripping (Minor) at 12:00, Marcel Noebels (MIL) for Hooking (Minor) at 14:18

3rd period

3. Bruins , Kevin Czuczman 8 (Kael Mouillierat, Dmitry Korobov) at 12:28

Penalties :
Frazer McLaren (MIL) for Boarding (Minor) at 0:21, Kevin Czuczman (Pro) for Hooking (Minor) at 6:09

Goalie Stats

Philipp Grubauer (Pro), 18 saves from 19 shots - (0.947), W, 7-1-2, 60:00 minutes
Johan Gustafsson (MIL), 20 saves from 22 shots - (0.909), L, 6-10-1, 59:20 minutes

Players Stats for Bruins

Player Name              G  A  P  +/- PIM S  H  SB GA TA FO     MP     PP MP  PK MP  
------------------------------------------------------------------------------------
Anton Lander             1  0  1   0  0   4  2  0  1  1  3/3    19:19   1:52   6:02 
Brandon Alderson         0  0  0   0  0   0  0  0  0  0  0/0     9:34   0:00   0:00 
Brandon Manning          0  0  0   0  2   0  1  0  0  0  0/0    12:36   0:00   0:00 
Buddy Robinson           0  0  0   0  0   0  0  0  0  0  2/2    16:57   0:00   3:22 
Conor Allen              0  0  0   0  0   1  0  2  0  1  0/0    20:04   1:42   2:26 
Derek Dorsett            0  1  1   0  5   0  0  1  2  0  2/2    14:32   1:52   0:59 
Dmitry Korobov           0  1  1   1  0   1  0  1  0  1  0/0    21:48   2:46   5:22 
Jake Newton              0  0  0   0  0   0  0  2  0  0  0/0    13:50   0:00   0:42 
Jim Slater               0  0  0   0  2   3  2  0  0  2  12/13  21:45   1:52   2:50 
Kael Mouillierat         0  1  1   1  0   1  1  0  1  1  4/10   16:23   2:36   1:03 
Kevin Czuczman           1  0  1   1  2   4  0  3  2  2  0/0    26:36   2:46   4:40 
Magnus Nygren            0  0  0   0  0   0  0  2  0  0  0/0     5:31   0:00   0:00 
Patrick Bordeleau        0  0  0   0  0   2  4  0  4  0  1/2    18:38   2:36   1:20 
Patrick Cehlin           0  0  0   0  2   1  1  0  0  1  0/0    13:03   0:00   0:00 
Raman Hrabarenka         0  0  0   0  0   4  1  3  0  1  0/0    20:04   1:42   2:26 
Scott Timmins            0  0  0   1  0   1  0  1  0  0  2/2    10:08   0:00   0:00 
Simon Moser              0  0  0   1  0   0  0  0  1  0  1/1    15:54   2:36   0:00 
Tim Sestito              0  0  0   0  0   0  3  0  4  1  1/4    15:25   0:00   0:00 

Players Stats for Admirals NSH

Player Name              G  A  P  +/- PIM S  H  SB GA TA FO     MP     PP MP  PK MP  
------------------------------------------------------------------------------------
Adam Cracknell           0  0  0   0  0   1  2  1  1  0  0/10   18:38   4:37   3:39 
Alexey Marchenko         0  1  1  -1  0   2  0  0  2  0  0/0    16:59   3:41   0:00 
Brody Sutter             0  0  0  -1  0   4  1  0  0  0  4/8    18:57   3:11   0:49 
Cameron Schilling        0  0  0  -1  0   0  2  1  0  0  0/0    14:32   0:00   0:41 
Corey Tropp              0  0  0   0  0   3  1  1  1  0  3/9    21:28   3:13   3:12 
Farm Player70            0  0  0   0  0   0  2  0  0  0  0/0    14:21   0:00   0:00 
Farm Player71            0  0  0   0  0   1  0  0  0  0  0/0     9:21   0:00   0:00 
Frazer McLaren           0  0  0   0  7   1  2  0  3  1  0/3    15:10   3:24   0:32 
Fredrik Claesson         0  0  0   0  2   0  2  4  1  2  0/0    26:05   4:07   3:47 
Jamie Tardif             0  1  1  -1  0   1  0  0  0  0  1/2    17:02   3:11   0:00 
Jyrki Jokipakka          0  0  0   0  0   1  1  1  0  1  0/0    15:41   0:00   0:00 
Lane MacDermid           0  0  0   0  0   0  1  0  3  0  1/1    10:54   0:00   0:44 
Marcel Noebels           0  0  0   0  2   0  1  0  2  0  0/0    15:49   0:26   0:00 
Matt Halischuk           0  0  0   0  0   0  0  0  0  0  0/0     0:29   0:00   0:00 
Nikita Nesterov          0  0  0   0  0   1  0  1  0  0  0/0    20:30   3:41   0:35 
Patrick Mullen           0  0  0   0  0   0  1  6  1  3  0/0    26:12   4:07   3:53 
Pierre-Cedric Labrie     1  0  1  -1  0   2  1  1  3  0  0/0    16:39   3:11   0:00 
Wade Megan               0  0  0   0  0   2  1  0  2  0  2/6    16:41   2:11   0:00 

3 Stars

1 - Philipp Grubauer (Pro)
2 - Anton Lander (Pro)
3 - Kevin Czuczman (Pro)

Power Play

Bruins - 1 on 3 Attempt(s) - 33.33%
Admirals NSH - 1 on 4 Attempt(s) - 25.00%

Penalty Kill

Bruins - 3 on 4 Attempt(s) - 75.00% - Score 0 goal in Penalty Kill
Admirals NSH - 2 on 3 Attempt(s) - 66.67% - Score 0 goal in Penalty Kill

Official

Referees : Unknown
Linesman : Unknown

Game Notes

Frazer McLaren and Derek Dorsett fight to a draw at 4:54 of 1st period

Finance

Level 1 -- Attendance: 1493 (74.65%) -- Ticket Income $52,255
Level 2 -- Attendance: 713 (71.30%) -- Ticket Income $10,695
Total Attendance: 2206 (73.53%)
Total Ticket Income: $62,950
Other Income: $30,846
Total Income: $93,796

Bruins

5 vs 5 Forward 
   Center                   Left Wing                Right Wing               Time % Phy DF OF 
 1 Jim Slater               Anton Lander             Derek Dorsett            35     1   2  2  
 2 Kael Mouillierat         Patrick Bordeleau        Simon Moser              30     1   2  2  
 3 Tim Sestito              Patrick Cehlin           Buddy Robinson           22     1   2  2  
 4 Scott Timmins            Jim Slater               Brandon Alderson         13     1   2  2  

5 vs 5 Defense 
   Defense                  Defense                                           Time % Phy DF OF 
 1 Kevin Czuczman           Dmitry Korobov                                    35     1   2  2  
 2 Conor Allen              Raman Hrabarenka                                  30     1   2  2  
 3 Brandon Manning          Jake Newton                                       22     1   2  2  
 4 Magnus Nygren            Kevin Czuczman                                    13     1   2  2  

PowerPlay Forward 
   Center                   Left Wing                Right Wing               Time % Phy DF OF 
 1 Jim Slater               Anton Lander             Derek Dorsett            60     1   2  2  
 2 Kael Mouillierat         Patrick Bordeleau        Simon Moser              40     1   2  2  

PowerPlay Defense
   Defense                  Defense                                           Time % Phy DF OF 
 1 Kevin Czuczman           Dmitry Korobov                                    60     1   2  2  
 2 Conor Allen              Raman Hrabarenka                                  40     1   2  2  

Penalty Kill 4 Players Forward 
   Center                   Wing                     Time % Phy DF OF 
 1 Jim Slater               Anton Lander             60     1   2  2  
 2 Derek Dorsett            Patrick Bordeleau        40     1   2  2  

Penalty Kill 4 Players Defense
   Defense                  Defense                  Time % Phy DF OF 
 1 Kevin Czuczman           Dmitry Korobov           60     1   2  2  
 2 Conor Allen              Raman Hrabarenka         40     1   2  2  

Penalty Kill - 3 Players Forward 
   Forward                                           Time % Phy DF OF 
 1 Jim Slater                                        60     1   2  2  
 2 Anton Lander                                      40     1   2  2  

Penalty Kill - 3 Players Defense
   Defense                  Defense                  Time % Phy DF OF 
 1 Kevin Czuczman           Dmitry Korobov           60     1   2  2  
 2 Conor Allen              Raman Hrabarenka         40     1   2  2  

4 vs 4 Forward 
   Center                   Wing                     Time % Phy DF OF 
 1 Jim Slater               Anton Lander             60     1   2  2  
 2 Derek Dorsett            Patrick Bordeleau        40     1   2  2  

4 vs 4 Defense
   Defense                  Defense                  Time % Phy DF OF 
 1 Kevin Czuczman           Dmitry Korobov           60     1   2  2  
 2 Conor Allen              Raman Hrabarenka         40     1   2  2  

Last Minutes Offensive
   Center                   Left Wing                Right Wing               Defense                  Defense                  
   Jim Slater               Anton Lander             Derek Dorsett            Kevin Czuczman           Dmitry Korobov           

Last Minutes Defensive
   Center                   Left Wing                Right Wing               Defense                  Defense                  
   Jim Slater               Anton Lander             Derek Dorsett            Kevin Czuczman           Dmitry Korobov           

Goaltenders
Starting : Philipp Grubauer         
Backup : Andrey Makarov           

Extra Forwards
Normal : Tim Sestito, Scott Timmins, Buddy Robinson - PP : Tim Sestito, Scott Timmins - PK : Buddy Robinson
Extra Defensemen
Normal : Brandon Manning, Jake Newton, Magnus Nygren - PP : Brandon Manning - PK : Jake Newton, Magnus Nygren
Penalty Shots
Jim Slater, Anton Lander, Derek Dorsett, Patrick Bordeleau, Kael Mouillierat

Admirals NSH

5 vs 5 Forward 
   Center                   Left Wing                Right Wing               Time % Phy DF OF 
 1 Adam Cracknell           Frazer McLaren           Corey Tropp              29     1   2  2  
 2 Brody Sutter             Pierre-Cedric Labrie     Jamie Tardif             28     1   2  2  
 3 Wade Megan               Marcel Noebels           Farm Player70            22     1   2  2  
 4 Corey Tropp              Lane MacDermid           Farm Player71            21     1   2  2  

5 vs 5 Defense 
   Defense                  Defense                                           Time % Phy DF OF 
 1 Fredrik Claesson         Patrick Mullen                                    35     1   2  2  
 2 Nikita Nesterov          Jyrki Jokipakka                                   30     1   2  2  
 3 Alexey Marchenko         Cameron Schilling                                 22     1   2  2  
 4 Patrick Mullen           Fredrik Claesson                                  13     1   2  2  

PowerPlay Forward 
   Center                   Left Wing                Right Wing               Time % Phy DF OF 
 1 Adam Cracknell           Frazer McLaren           Corey Tropp              60     1   2  2  
 2 Brody Sutter             Pierre-Cedric Labrie     Jamie Tardif             40     1   2  2  

PowerPlay Defense
   Defense                  Defense                                           Time % Phy DF OF 
 1 Fredrik Claesson         Patrick Mullen                                    60     1   2  2  
 2 Nikita Nesterov          Alexey Marchenko                                  40     1   2  2  

Penalty Kill 4 Players Forward 
   Center                   Wing                     Time % Phy DF OF 
 1 Corey Tropp              Adam Cracknell           60     1   2  2  
 2 Brody Sutter             Frazer McLaren           40     1   2  2  

Penalty Kill 4 Players Defense
   Defense                  Defense                  Time % Phy DF OF 
 1 Fredrik Claesson         Patrick Mullen           60     1   2  2  
 2 Nikita Nesterov          Cameron Schilling        40     1   2  2  

Penalty Kill - 3 Players Forward 
   Forward                                           Time % Phy DF OF 
 1 Corey Tropp                                       60     1   2  2  
 2 Adam Cracknell                                    40     1   2  2  

Penalty Kill - 3 Players Defense
   Defense                  Defense                  Time % Phy DF OF 
 1 Fredrik Claesson         Patrick Mullen           60     1   2  2  
 2 Nikita Nesterov          Cameron Schilling        40     1   2  2  

4 vs 4 Forward 
   Center                   Wing                     Time % Phy DF OF 
 1 Corey Tropp              Adam Cracknell           60     1   2  2  
 2 Brody Sutter             Frazer McLaren           40     1   2  2  

4 vs 4 Defense
   Defense                  Defense                  Time % Phy DF OF 
 1 Fredrik Claesson         Patrick Mullen           60     1   2  2  
 2 Nikita Nesterov          Alexey Marchenko         40     1   2  2  

Last Minutes Offensive
   Center                   Left Wing                Right Wing               Defense                  Defense                  
   Adam Cracknell           Frazer McLaren           Corey Tropp              Fredrik Claesson         Patrick Mullen           

Last Minutes Defensive
   Center                   Left Wing                Right Wing               Defense                  Defense                  
   Adam Cracknell           Frazer McLaren           Corey Tropp              Fredrik Claesson         Patrick Mullen           

Goaltenders
Starting : Johan Gustafsson         
Backup : Jeremy Smith             

Extra Forwards
Normal : Wade Megan, Marcel Noebels, Lane MacDermid - PP : Wade Megan, Marcel Noebels - PK : Lane MacDermid
Extra Defensemen
Normal : Alexey Marchenko, Cameron Schilling, Patrick Mullen - PP : Alexey Marchenko - PK : Cameron Schilling, Fredrik Claesson
Penalty Shots
Corey Tropp, Adam Cracknell, Brody Sutter, Frazer McLaren, Pierre-Cedric Labrie

% Time on Ice - Bruins

Lines # - Real PCT - Wanted PCT - Time Play
Normal Forward
1 - 21% - 35% - 10:04
2 - 31% - 30% - 14:53
3 - 27% - 22% - 12:47
4 - 20% - 13% - 9:34
Normal Defense
1 - 28% - 35% - 13:14
2 - 34% - 30% - 15:56
3 - 27% - 22% - 12:37
4 - 12% - 13% - 5:31
PP Forward
1 - 42% - 60% - 1:52
2 - 58% - 40% - 2:36
PP Defense
1 - 62% - 60% - 2:46
2 - 38% - 40% - 1:42
PK Forward
1 - 83% - 60% - 6:28
2 - 17% - 40% - 1:20
PK Defense
1 - 69% - 60% - 5:22
2 - 31% - 40% - 2:26
PK3 Forward
1 - 0% - 60%
2 - 0% - 40%
PK3 Defense
1 - 0% - 60%
2 - 0% - 40%
44 Forward
1 - 0% - 60%
2 - 0% - 40%
44 Defense
1 - 0% - 60%
2 - 0% - 40%
Last Minute Offensive  - 0:00
Last Minute Defensive  - 0:26
Total
Forward - 60:00
Defense - 60:00

% Time on Ice - Admirals NSH

Lines # - Real PCT - Wanted PCT - Time Play
Normal Forward
1 - 21% - 29% - 9:56
2 - 31% - 28% - 14:35
3 - 29% - 22% - 13:42
4 - 18% - 21% - 8:36
Normal Defense
1 - 32% - 35% - 15:01
2 - 34% - 30% - 16:08
3 - 28% - 22% - 13:18
4 - 5% - 13% - 2:22
PP Forward
1 - 59% - 60% - 4:37
2 - 41% - 40% - 3:11
PP Defense
1 - 53% - 60% - 4:07
2 - 47% - 40% - 3:41
PK Forward
1 - 82% - 60% - 3:39
2 - 18% - 40% - 0:49
PK Defense
1 - 87% - 60% - 3:53
2 - 13% - 40% - 0:35
PK3 Forward
1 - 0% - 60%
2 - 0% - 40%
PK3 Defense
1 - 0% - 60%
2 - 0% - 40%
44 Forward
1 - 0% - 60%
2 - 0% - 40%
44 Defense
1 - 0% - 60%
2 - 0% - 40%
Last Minute Offensive  - 0:55
Last Minute Defensive  - 0:00
Total
Forward - 60:00
Defense - 60:00

Play by Play

1st period


0:01 of 1st period - Jim Slater wins face-off versus Adam Cracknell in neutral zone.
0:58 of 1st period - Pierre-Cedric Labrie is hit by Patrick Bordeleau and loses puck.
1:10 of 1st period - Brody Sutter is hit by Kael Mouillierat and loses puck.
1:37 of 1st period - Raman Hrabarenka is hit by Farm Player70 and loses puck.
1:58 of 1st period - Snap shot by Tim Sestito.
1:58 of 1st period - Shot Misses the Net.
2:15 of 1st period - Jim Slater is hit by Cameron Schilling.
2:29 of 1st period - Slapshot by Jyrki Jokipakka.
2:29 of 1st period - Shot Blocked by Scott Timmins.
2:31 of 1st period - Slapshot by Jyrki Jokipakka.
2:31 of 1st period - Stopped by Philipp Grubauer with a rebound.
2:52 of 1st period - Icing by Jyrki Jokipakka.
2:53 of 1st period - Brody Sutter wins face-off versus Jim Slater in Admirals NSH zone.
3:13 of 1st period - Slapshot by Anton Lander.
3:13 of 1st period - Stopped by Johan Gustafsson without a rebound.
3:14 of 1st period - Kael Mouillierat wins face-off versus Wade Megan in Admirals NSH zone.
3:33 of 1st period - Icing by Kevin Czuczman.
3:34 of 1st period - Kael Mouillierat wins face-off versus Wade Megan in Bruins zone.
3:51 of 1st period - Snap shot by Kael Mouillierat.
3:51 of 1st period - Stopped by Johan Gustafsson with a rebound.
4:11 of 1st period - Snap shot by Tim Sestito.
4:11 of 1st period - Shot Misses the Net.
4:13 of 1st period - Slapshot by Tim Sestito.
4:13 of 1st period - Shot Misses the Net.
4:15 of 1st period - Wrist shot by Tim Sestito.
4:15 of 1st period - Shot Blocked by Patrick Mullen.
4:17 of 1st period - Backhand shot by Buddy Robinson.
4:17 of 1st period - Shot Blocked by Fredrik Claesson.
4:19 of 1st period - Slapshot by Raman Hrabarenka.
4:19 of 1st period - Stopped by Johan Gustafsson with a rebound.
4:35 of 1st period - Slapshot by Patrick Cehlin.
4:35 of 1st period - Stopped by Johan Gustafsson with a rebound.
4:37 of 1st period - Snap shot by Buddy Robinson.
4:37 of 1st period - Deflect By Tim Sestito.
4:37 of 1st period - Shot Blocked by Patrick Mullen.
4:37 of 1st period - Puck is out of play.
4:38 of 1st period - Jim Slater wins face-off versus Adam Cracknell in Admirals NSH zone.
4:49 of 1st period - Wrist shot by Derek Dorsett.
4:49 of 1st period - Shot Misses the Net.
4:54 of 1st period - Frazer McLaren and Derek Dorsett fight to a draw.
4:54 of 1st period - Penalty to Frazer McLaren for Fighting.
4:54 of 1st period - Penalty to Derek Dorsett for Fighting.
4:55 of 1st period - Patrick Bordeleau wins face-off versus Corey Tropp in Admirals NSH zone.
5:45 of 1st period - Slapshot by Brody Sutter.
5:45 of 1st period - Stopped by Philipp Grubauer with a rebound.
6:07 of 1st period - Snap shot by Tim Sestito.
6:07 of 1st period - Shot Misses the Net.
6:09 of 1st period - Wrist shot by Jim Slater.
6:09 of 1st period - Shot Blocked by Patrick Mullen.
6:11 of 1st period - Wrist shot by Jim Slater.
6:11 of 1st period - Stopped by Johan Gustafsson with a rebound.
6:30 of 1st period - Slapshot by Raman Hrabarenka.
6:30 of 1st period - Shot Blocked by Pierre-Cedric Labrie.
6:32 of 1st period - Backhand shot by Tim Sestito.
6:32 of 1st period - Shot Misses the Net.
6:34 of 1st period - Slapshot by Raman Hrabarenka.
6:34 of 1st period - Stopped by Johan Gustafsson with a rebound.
7:12 of 1st period - Minor Penalty to Jim Slater for Tripping.
7:13 of 1st period - Buddy Robinson wins face-off versus Adam Cracknell in Bruins zone.
7:56 of 1st period - Slapshot by Adam Cracknell.
7:56 of 1st period - Stopped by Philipp Grubauer with a rebound.
8:10 of 1st period - Kevin Czuczman is hit by Brody Sutter and loses puck.
8:17 of 1st period - Snap shot by Pierre-Cedric Labrie.
8:17 of 1st period - Shot Misses the Net.
8:19 of 1st period - Snap shot by Jamie Tardif.
8:19 of 1st period - Shot Misses the Net.
8:39 of 1st period - Slapshot by Corey Tropp.
8:39 of 1st period - Stopped by Philipp Grubauer with a rebound.
9:12 of 1st period - Penalty to Jim Slater is over, Jim Slater is back on ice.
10:35 of 1st period - Lane MacDermid is hit by Tim Sestito and loses puck.
10:55 of 1st period - Brody Sutter is hit by Jim Slater and loses puck.
11:28 of 1st period - Kael Mouillierat is hit by Frazer McLaren and loses puck.
12:25 of 1st period - Snap shot by Lane MacDermid.
12:25 of 1st period - Shot Misses the Net.
13:06 of 1st period - Scott Timmins is hit by Cameron Schilling and loses puck.
13:18 of 1st period - Cameron Schilling is hit by Tim Sestito.
13:42 of 1st period - Snap shot by Lane MacDermid.
13:42 of 1st period - Shot Blocked by Kevin Czuczman.
13:44 of 1st period - Wrist shot by Nikita Nesterov.
13:44 of 1st period - Deflect By Brody Sutter.
13:44 of 1st period - Stopped by Philipp Grubauer without a rebound.
13:45 of 1st period - Brody Sutter wins face-off versus Tim Sestito in Bruins zone.
14:10 of 1st period - Conor Allen is hit by Pierre-Cedric Labrie and loses puck.
14:49 of 1st period - Brandon Manning is hit by Fredrik Claesson and loses puck.
15:09 of 1st period - Anton Lander is hit by Fredrik Claesson and loses puck.
15:47 of 1st period - Icing by Brody Sutter.
15:48 of 1st period - Jamie Tardif wins face-off versus Kael Mouillierat in Admirals NSH zone.
16:17 of 1st period - Snap shot by Wade Megan.
16:17 of 1st period - Stopped by Philipp Grubauer with a rebound.
16:29 of 1st period - Snap shot by Scott Timmins.
16:29 of 1st period - Stopped by Johan Gustafsson with a rebound.
16:31 of 1st period - Slapshot by Raman Hrabarenka.
16:31 of 1st period - Shot Blocked by Jyrki Jokipakka.
16:33 of 1st period - Snap shot by Scott Timmins.
16:33 of 1st period - Shot Misses the Net.
16:35 of 1st period - Backhand shot by Raman Hrabarenka.
16:35 of 1st period - Stopped by Johan Gustafsson with a rebound.
16:37 of 1st period - Slapshot by Raman Hrabarenka.
16:37 of 1st period - Stopped by Johan Gustafsson with a rebound.
17:05 of 1st period - Wrist shot by Corey Tropp.
17:05 of 1st period - Stopped by Philipp Grubauer with a rebound.
17:07 of 1st period - Backhand shot by Frazer McLaren.
17:07 of 1st period - Stopped by Philipp Grubauer with a rebound.
17:09 of 1st period - Snap shot by Fredrik Claesson.
17:09 of 1st period - Shot Blocked by Jake Newton.
17:44 of 1st period - Wrist shot by Anton Lander.
17:44 of 1st period - Shot Misses the Net.
18:05 of 1st period - Brody Sutter is hit by Patrick Cehlin and loses puck.
19:18 of 1st period - Patrick Mullen is hit by Brandon Manning and loses puck.
19:25 of 1st period - Slapshot by Fredrik Claesson.
19:25 of 1st period - Deflect By Frazer McLaren.
19:25 of 1st period - Shot Misses the Net.
19:25 of 1st period - Puck is out of play.
19:26 of 1st period - Lane MacDermid wins face-off versus Tim Sestito in Bruins zone.
19:47 of 1st period - Anton Lander is hit by Adam Cracknell and loses puck.
Goals for this period are 0 for Bruins vs 0 for Admirals NSH.
Shots for this period are 9 for Bruins vs 8 for Admirals NSH.

2nd period


0:01 of 2nd period - Jim Slater wins face-off versus Adam Cracknell in neutral zone.
0:04 of 2nd period - Fredrik Claesson is hit by Anton Lander and loses puck.
0:56 of 2nd period - Snap shot by Patrick Bordeleau.
0:56 of 2nd period - Shot Misses the Net.
1:03 of 2nd period - Minor Penalty to Fredrik Claesson for Hooking.
1:04 of 2nd period - Corey Tropp wins face-off versus Kael Mouillierat in Admirals NSH zone.
1:04 of 2nd period - Corey Tropp is hit by Patrick Bordeleau.
1:27 of 2nd period - Snap shot by Patrick Bordeleau.
1:27 of 2nd period - Stopped by Johan Gustafsson without a rebound.
1:28 of 2nd period - Derek Dorsett wins face-off versus Corey Tropp in Admirals NSH zone.
1:29 of 2nd period - Wrist shot by Anton Lander.
1:29 of 2nd period - Shot Misses the Net.
1:31 of 2nd period - Slapshot by Derek Dorsett.
1:31 of 2nd period - Shot Blocked by Adam Cracknell.
1:33 of 2nd period - Snap shot by Anton Lander.
1:33 of 2nd period - Goal by Anton Lander - Bruins : 1 - Admirals NSH : 0.
1:34 of 2nd period - Jim Slater wins face-off versus Brody Sutter in neutral zone.
2:05 of 2nd period - Wrist shot by Anton Lander.
2:05 of 2nd period - Shot Misses the Net.
2:30 of 2nd period - Simon Moser is hit by Wade Megan and loses puck.
2:46 of 2nd period - Slapshot by Wade Megan.
2:46 of 2nd period - Shot Blocked by Conor Allen.
2:48 of 2nd period - Snap shot by Marcel Noebels.
2:48 of 2nd period - Shot Misses the Net.
3:11 of 2nd period - Conor Allen is hit by Frazer McLaren and loses puck.
3:59 of 2nd period - Slapshot by Corey Tropp.
3:59 of 2nd period - Shot Misses the Net.
4:01 of 2nd period - Slapshot by Alexey Marchenko.
4:01 of 2nd period - Deflect By Corey Tropp.
4:01 of 2nd period - Shot Blocked by Conor Allen.
4:01 of 2nd period - Puck is out of play.
4:02 of 2nd period - Jim Slater wins face-off versus Corey Tropp in Bruins zone.
4:07 of 2nd period - Wrist shot by Kevin Czuczman.
4:07 of 2nd period - Stopped by Johan Gustafsson without a rebound.
4:08 of 2nd period - Derek Dorsett wins face-off versus Brody Sutter in Admirals NSH zone.
4:35 of 2nd period - Wrist shot by Anton Lander.
4:35 of 2nd period - Shot Misses the Net.
6:37 of 2nd period - Alexey Marchenko is hit by Jim Slater and loses puck.
7:18 of 2nd period - Snap shot by Jamie Tardif.
7:18 of 2nd period - Shot Blocked by Raman Hrabarenka.
7:38 of 2nd period - Slapshot by Nikita Nesterov.
7:38 of 2nd period - Shot Misses the Net.
7:40 of 2nd period - Snap shot by Farm Player71.
7:40 of 2nd period - Shot Blocked by Raman Hrabarenka.
7:42 of 2nd period - Slapshot by Lane MacDermid.
7:42 of 2nd period - Shot Misses the Net.
7:44 of 2nd period - Snap shot by Corey Tropp.
7:44 of 2nd period - Deflect By Farm Player71.
7:44 of 2nd period - Stopped by Philipp Grubauer with a rebound.
8:02 of 2nd period - Nikita Nesterov is hit by Raman Hrabarenka and loses puck.
8:14 of 2nd period - Off-side.
8:15 of 2nd period - Jim Slater wins face-off versus Brody Sutter in neutral zone.
8:30 of 2nd period - Minor Penalty to Patrick Cehlin for Hooking.
8:31 of 2nd period - Jim Slater wins face-off versus Adam Cracknell in Bruins zone.
8:31 of 2nd period - Jim Slater is hit by Corey Tropp.
8:40 of 2nd period - Off-side.
8:41 of 2nd period - Anton Lander wins face-off versus Frazer McLaren in neutral zone.
9:35 of 2nd period - Slapshot by Alexey Marchenko.
9:35 of 2nd period - Shot Misses the Net.
9:37 of 2nd period - Slapshot by Alexey Marchenko.
9:37 of 2nd period - Stopped by Philipp Grubauer with a rebound.
9:39 of 2nd period - Snap shot by Frazer McLaren.
9:39 of 2nd period - Shot Misses the Net.
9:41 of 2nd period - Snap shot by Frazer McLaren.
9:41 of 2nd period - Shot Blocked by Kevin Czuczman.
9:59 of 2nd period - Snap shot by Pierre-Cedric Labrie.
9:59 of 2nd period - Shot Blocked by Dmitry Korobov.
10:01 of 2nd period - Slapshot by Nikita Nesterov.
10:01 of 2nd period - Stopped by Philipp Grubauer without a rebound.
10:02 of 2nd period - Brody Sutter wins face-off versus Patrick Bordeleau in Bruins zone.
10:30 of 2nd period - Penalty to Patrick Cehlin is over, Patrick Cehlin is back on ice.
10:39 of 2nd period - Slapshot by Patrick Bordeleau.
10:39 of 2nd period - Shot Blocked by Fredrik Claesson.
10:41 of 2nd period - Wrist shot by Derek Dorsett.
10:41 of 2nd period - Shot Misses the Net.
10:59 of 2nd period - Marcel Noebels is hit by Tim Sestito.
12:00 of 2nd period - Minor Penalty to Brandon Manning for Tripping.
12:01 of 2nd period - Jim Slater wins face-off versus Jamie Tardif in Bruins zone.
13:49 of 2nd period - Wrist shot by Jamie Tardif.
13:49 of 2nd period - Shot Blocked by Raman Hrabarenka.
13:51 of 2nd period - Snap shot by Pierre-Cedric Labrie.
13:51 of 2nd period - Goal by Pierre-Cedric Labrie - Bruins : 1 - Admirals NSH : 1.
13:52 of 2nd period - Wade Megan wins face-off versus Kael Mouillierat in neutral zone.
14:03 of 2nd period - Wrist shot by Wade Megan.
14:03 of 2nd period - Stopped by Philipp Grubauer with a rebound.
14:18 of 2nd period - Minor Penalty to Marcel Noebels for Hooking.
14:19 of 2nd period - Kael Mouillierat wins face-off versus Corey Tropp in Admirals NSH zone.
14:27 of 2nd period - Snap shot by Patrick Bordeleau.
14:27 of 2nd period - Shot Misses the Net.
14:29 of 2nd period - Slapshot by Simon Moser.
14:29 of 2nd period - Shot Misses the Net.
14:31 of 2nd period - Snap shot by Kevin Czuczman.
14:31 of 2nd period - Shot Blocked by Fredrik Claesson.
14:33 of 2nd period - Slapshot by Kevin Czuczman.
14:33 of 2nd period - Shot Misses the Net.
14:35 of 2nd period - Snap shot by Dmitry Korobov.
14:35 of 2nd period - Deflect By Patrick Bordeleau.
14:35 of 2nd period - Shot Misses the Net.
14:35 of 2nd period - Puck is out of play.
14:36 of 2nd period - Corey Tropp wins face-off versus Kael Mouillierat in Admirals NSH zone.
15:25 of 2nd period - Fredrik Claesson is hit by Anton Lander and loses puck.
15:58 of 2nd period - Wrist shot by Patrick Bordeleau.
15:58 of 2nd period - Shot Misses the Net.
16:14 of 2nd period - Wrist shot by Simon Moser.
16:14 of 2nd period - Shot Blocked by Patrick Mullen.
16:16 of 2nd period - Snap shot by Raman Hrabarenka.
16:16 of 2nd period - Shot Misses the Net.
16:18 of 2nd period - Penalty to Marcel Noebels is over, Marcel Noebels is back on ice.
16:51 of 2nd period - Wrist shot by Buddy Robinson.
16:51 of 2nd period - Deflect By Patrick Mullen.
16:51 of 2nd period - Shot Misses the Net.
16:51 of 2nd period - Puck is out of play.
16:52 of 2nd period - Wade Megan wins face-off versus Tim Sestito in Admirals NSH zone.
16:59 of 2nd period - Slapshot by Nikita Nesterov.
16:59 of 2nd period - Shot Blocked by Magnus Nygren.
17:01 of 2nd period - Snap shot by Wade Megan.
17:01 of 2nd period - Shot Misses the Net.
17:13 of 2nd period - Wrist shot by Marcel Noebels.
17:13 of 2nd period - Shot Misses the Net.
18:45 of 2nd period - Wrist shot by Jamie Tardif.
18:45 of 2nd period - Stopped by Philipp Grubauer without a rebound.
18:46 of 2nd period - Brody Sutter wins face-off versus Kael Mouillierat in Bruins zone.
18:49 of 2nd period - Slapshot by Pierre-Cedric Labrie.
18:49 of 2nd period - Shot Misses the Net.
19:13 of 2nd period - Kevin Czuczman is hit by Marcel Noebels and loses puck.
19:30 of 2nd period - Anton Lander is hit by Farm Player70 and loses puck.
Goals for this period are 1 for Bruins vs 1 for Admirals NSH.
Shots for this period are 3 for Bruins vs 6 for Admirals NSH.

3rd period


0:01 of 3rd period - Jim Slater wins face-off versus Adam Cracknell in neutral zone.
0:21 of 3rd period - Minor Penalty to Frazer McLaren for Boarding.
0:22 of 3rd period - Jim Slater wins face-off versus Corey Tropp in Admirals NSH zone.
1:15 of 3rd period - Corey Tropp is hit by Patrick Bordeleau and loses puck.
1:44 of 3rd period - Derek Dorsett is hit by Adam Cracknell.
2:19 of 3rd period - Wrist shot by Brody Sutter.
2:19 of 3rd period - Stopped by Philipp Grubauer without a rebound.
2:20 of 3rd period - Simon Moser wins face-off versus Brody Sutter in Bruins zone.
2:21 of 3rd period - Penalty to Frazer McLaren is over, Frazer McLaren is back on ice.
2:35 of 3rd period - Snap shot by Brody Sutter.
2:35 of 3rd period - Stopped by Philipp Grubauer with a rebound.
2:51 of 3rd period - Slapshot by Buddy Robinson.
2:51 of 3rd period - Shot Blocked by Cameron Schilling.
2:53 of 3rd period - Slapshot by Conor Allen.
2:53 of 3rd period - Stopped by Johan Gustafsson without a rebound.
2:54 of 3rd period - Scott Timmins wins face-off versus Wade Megan in Admirals NSH zone.
3:01 of 3rd period - Wrist shot by Scott Timmins.
3:01 of 3rd period - Shot Blocked by Nikita Nesterov.
4:40 of 3rd period - Raman Hrabarenka is hit by Lane MacDermid.
5:06 of 3rd period - Slapshot by Kevin Czuczman.
5:06 of 3rd period - Deflect By Pierre-Cedric Labrie.
5:06 of 3rd period - Stopped by Johan Gustafsson with a rebound.
5:48 of 3rd period - Slapshot by Kevin Czuczman.
5:48 of 3rd period - Deflect By Jim Slater.
5:48 of 3rd period - Deflect By Jyrki Jokipakka.
5:48 of 3rd period - Stopped by Johan Gustafsson with a rebound.
6:09 of 3rd period - Minor Penalty to Kevin Czuczman for Hooking.
6:10 of 3rd period - Buddy Robinson wins face-off versus Adam Cracknell in Bruins zone.
6:44 of 3rd period - Slapshot by Pierre-Cedric Labrie.
6:44 of 3rd period - Stopped by Philipp Grubauer with a rebound.
7:35 of 3rd period - Icing by Frazer McLaren.
7:36 of 3rd period - Anton Lander wins face-off versus Adam Cracknell in Admirals NSH zone.
7:40 of 3rd period - Icing by Nikita Nesterov.
7:41 of 3rd period - Anton Lander wins face-off versus Adam Cracknell in Admirals NSH zone.
8:09 of 3rd period - Penalty to Kevin Czuczman is over, Kevin Czuczman is back on ice.
8:37 of 3rd period - Corey Tropp is hit by Patrick Bordeleau and loses puck.
8:50 of 3rd period - Patrick Bordeleau is hit by Patrick Mullen and loses puck.
9:09 of 3rd period - Slapshot by Alexey Marchenko.
9:09 of 3rd period - Shot Misses the Net.
9:11 of 3rd period - Slapshot by Alexey Marchenko.
9:11 of 3rd period - Shot Blocked by Derek Dorsett.
9:13 of 3rd period - Slapshot by Alexey Marchenko.
9:13 of 3rd period - Stopped by Philipp Grubauer with a rebound.
9:15 of 3rd period - Slapshot by Alexey Marchenko.
9:15 of 3rd period - Shot Blocked by Magnus Nygren.
9:17 of 3rd period - Wrist shot by Farm Player70.
9:17 of 3rd period - Shot Misses the Net.
9:19 of 3rd period - Snap shot by Cameron Schilling.
9:19 of 3rd period - Shot Blocked by Kevin Czuczman.
9:21 of 3rd period - Snap shot by Alexey Marchenko.
9:21 of 3rd period - Shot Misses the Net.
10:30 of 3rd period - Slapshot by Patrick Mullen.
10:30 of 3rd period - Shot Blocked by Jake Newton.
10:32 of 3rd period - Slapshot by Patrick Mullen.
10:32 of 3rd period - Shot Misses the Net.
11:28 of 3rd period - Slapshot by Nikita Nesterov.
11:28 of 3rd period - Shot Misses the Net.
11:30 of 3rd period - Backhand shot by Lane MacDermid.
11:30 of 3rd period - Deflect By Corey Tropp.
11:30 of 3rd period - Stopped by Philipp Grubauer without a rebound.
11:31 of 3rd period - Corey Tropp wins face-off versus Kael Mouillierat in Bruins zone.
12:05 of 3rd period - Brandon Alderson is hit by Jyrki Jokipakka and loses puck.
12:28 of 3rd period - Slapshot by Kevin Czuczman.
12:28 of 3rd period - Deflect By Alexey Marchenko.
12:28 of 3rd period - Goal by Kevin Czuczman - Bruins : 2 - Admirals NSH : 1.
12:29 of 3rd period - Jim Slater wins face-off versus Frazer McLaren in neutral zone.
12:32 of 3rd period - Snap shot by Derek Dorsett.
12:32 of 3rd period - Shot Misses the Net.
12:34 of 3rd period - Slapshot by Kevin Czuczman.
12:34 of 3rd period - Shot Blocked by Fredrik Claesson.
12:36 of 3rd period - Snap shot by Derek Dorsett.
12:36 of 3rd period - Shot Blocked by Patrick Mullen.
13:32 of 3rd period - Slapshot by Brandon Alderson.
13:32 of 3rd period - Shot Blocked by Patrick Mullen.
13:34 of 3rd period - Wrist shot by Jim Slater.
13:34 of 3rd period - Shot Misses the Net.
13:36 of 3rd period - Snap shot by Jim Slater.
13:36 of 3rd period - Stopped by Johan Gustafsson with a rebound.
13:38 of 3rd period - Snap shot by Scott Timmins.
13:38 of 3rd period - Shot Blocked by Corey Tropp.
16:49 of 3rd period - Snap shot by Kevin Czuczman.
16:49 of 3rd period - Stopped by Johan Gustafsson without a rebound.
16:50 of 3rd period - Scott Timmins wins face-off versus Frazer McLaren in Admirals NSH zone.
17:08 of 3rd period - Icing by Fredrik Claesson.
17:09 of 3rd period - Kael Mouillierat wins face-off versus Adam Cracknell in Admirals NSH zone.
17:40 of 3rd period - Backhand shot by Tim Sestito.
17:40 of 3rd period - Deflect By Fredrik Claesson.
17:40 of 3rd period - Shot Misses the Net.
17:40 of 3rd period - Puck is out of play.
17:41 of 3rd period - Tim Sestito wins face-off versus Corey Tropp in Admirals NSH zone.
18:12 of 3rd period - Wrist shot by Anton Lander.
18:12 of 3rd period - Stopped by Johan Gustafsson without a rebound.
18:13 of 3rd period - Jim Slater wins face-off versus Wade Megan in Admirals NSH zone.
18:14 of 3rd period - Wrist shot by Anton Lander.
18:14 of 3rd period - Stopped by Johan Gustafsson with a rebound.
18:16 of 3rd period - Wrist shot by Jim Slater.
18:16 of 3rd period - Shot Misses the Net.
18:18 of 3rd period - Slapshot by Dmitry Korobov.
18:18 of 3rd period - Stopped by Johan Gustafsson with a rebound.
18:48 of 3rd period - Wrist shot by Patrick Bordeleau.
18:48 of 3rd period - Stopped by Johan Gustafsson with a rebound.
19:20 of 3rd period - Admirals NSH, Johan Gustafsson is pulled from the net.
Goals for this period are 1 for Bruins vs 0 for Admirals NSH.
Shots for this period are 10 for Bruins vs 5 for Admirals NSH.


Output by the SimonT Hockey Simulator (STHS) for Eric Dolegowski -- Original Page W3C XHTML 1.0 Valid
Hockey Simulator - Hockey Simulation - Hockey Manager